Map: King Sejong Station LE

Players

Desomto - Winner!

  • Race: Protoss Protoss

Gracz

  • Race: Zerg Zerg
  • League: Silver

VOD

Have the link to the VOD?

Description

Time

  • Played on: Oct. 29, 2016, 7:21 a.m.
  • Length: 7:01
Show
View Real Time Build Order
Export as new Build Order

Desomto Protoss - Winner!

Build Orders:  

Get SALT Encoding   

  12  0:01  Probe (Chrono Boost)  
  13  0:12  Probe (Chrono Boost)  
  14  0:18  Pylon  
  14  0:23  Probe (Chrono Boost)  
  15  0:36  Probe (Chrono Boost)  
  16  0:46  Probe (Chrono Boost)  
  17  1:00  Probe (Chrono Boost)  
  18  1:07  Unknown, Nexus  
  18  1:30  Gateway  
  18  1:41  Pylon  
  18  1:43  Assimilator  
  18  1:45  Probe (Chrono Boost)  
  19  1:56  Probe (Chrono Boost)  
  19  1:58  Assimilator  
  20  2:04  Gateway  
  20  2:06  Probe (Chrono Boost)  
  21  2:19  Unknown  
  21  2:21  Cybernetics Core  
  21  2:25  Probe (Chrono Boost)  
  22  2:35  Probe (Chrono Boost)  
  24  2:37  Probe (Chrono Boost)  
  24  2:46  Probe (Chrono Boost)  
  24  2:48  Probe (Chrono Boost)  
  24  2:49  Warp Gate  
  26  2:56  Probe (Chrono Boost)  
  27  2:59  Stalker x2  
  31  3:07  Probe (Chrono Boost)  
  31  3:08  Pylon  
  32  3:15  Probe (Chrono Boost)  
  32  3:18  Probe (Chrono Boost)  
  35  3:28  Probe x2 (Chrono Boost)  
  36  3:39  Probe (Chrono Boost), Gateway  
  36  3:40  Probe (Chrono Boost)  
  38  3:46  Assimilator  
  38  3:49  Probe (Chrono Boost)  
  38  3:52  Probe (Chrono Boost)  
  40  4:00  Probe (Chrono Boost), Gateway x2  
  42  4:03  Gateway  
  42  4:04  Probe (Chrono Boost)  
  42  4:06  Gateway  
  42  4:10  Probe (Chrono Boost)  
  42  4:11  Twilight Council  
  43  4:21  Probe x2 (Chrono Boost)  
  45  4:31  Probe (Chrono Boost)  
  45  4:33  Probe (Chrono Boost)  
  45  4:35  Assimilator  
  47  4:44  Robotics Facility  
  47  4:45  Probe (Chrono Boost)  
  48  4:50  Resonating Glaives  
  48  4:57  Probe (Chrono Boost)  
  49  5:01  Stalker x2  
  49  5:06  Pylon  
  53  5:08  Pylon  
  53  5:10  Pylon  
  53  5:25  Mothership Core (Chrono Boost)  
  55  5:35  Adept x2  
  57  5:36  Adept x4  
  57  5:37  Adept  
  69  5:44  Observer  
  70  6:01  Immortal  
  70  6:09  Stalker x2  
  78  6:13  Pylon  
  78  6:15  Pylon  
  78  6:16  Pylon  
  78  6:21  Pylon  
  78  6:37  Adept x3  
  78  6:38  Adept x2, Stalker  
  78  6:39  Stalker  
Show
View Real Time Build Order
Export as new Build Order

Gracz Zerg 

Build Orders: Hatch First 

Get SALT Encoding   

  12  0:01  Drone  
  13  0:09  Drone  
  14  0:18  Overlord  
  14  0:45  Unknown, Hatchery  
  13  0:55  Drone x3  
  16  1:23  Spawning Pool  
  15  1:31  Drone x2  
  15  1:32  Drone  
  18  1:35  Extractor  
  17  1:47  Drone  
  18  1:55  Drone  
  18  1:56  Unknown  
  19  2:02  Drone  
  20  2:15  Drone x2  
  20  2:16  Drone  
  23  2:27  Drone  
  24  2:31  Extractor  
  24  2:32  Queen  
  24  2:33  Queen  
  24  2:35  Zergling x2  
  28  2:38  Overlord x2  
  28  3:00  Drone x2  
  30  3:26  Drone  
  31  3:28  Lair  
  31  3:53  Evolution Chamber  
  30  3:56  Drone x2  
  30  3:58  Evolution Chamber  
  31  4:03  Drone x10  
  41  4:16  Extractor  
  40  4:20  Metabolic Boost  
  40  4:34  Drone x2  
  40  4:35  Drone x2  
  40  4:36  Overlord x2  
  44  4:46  Pneumatized Carapace  
  44  4:53  Infestation Pit  
  44  4:57  Hydralisk Den  
  42  5:02  Spire  
  41  5:09  Extractor  
  41  5:11  Drone x12  
  52  5:29  Overlord  
  52  5:32  Unknown, Hatchery  
  52  5:34  Lurker Den  
  51  5:55  Overlord  
  51  5:56  Overlord x2  
  51  5:57  Overseer x2  
  51  6:17  Hydralisk x4  
  59  6:20  Hydralisk x2  
  63  6:36  Mutalisk  
  63  6:38  Zergling x6  
  68  6:44  Unknown  
Tags
 
Add a new tag
Caveats
  • Supply blocks, unpowered buildings, or Contaminate may cause inaccurate times.
  • Supply counts are checked every 10 seconds.